 Dungeon Sprint DCSS version 0.27.1-34-g3ba077fa99 (webtiles) character file.

Game seed: 17366080134256000553

0 boopmooplesden the Skirmisher (level 2, -6/28 HPs)
             Began as a Minotaur Fighter on Jan 7, 2022.
             Was an Initiate of Okawaru.
             Mangled by Terence (9 damage)
             ... in the Dungeon (Sprint VI: "Thunderdome").
             The game lasted 00:00:22 (76 turns).

boopmooplesden the Skirmisher (Minotaur Fighter)      Turns: 76, Time: 00:00:23

Health: -6/28      AC:  7    Str: 20    XL:     2   Next: 0%
Magic:  1/1        EV:  7    Int:  5    God:    Okawaru [......]
Gold:   200        SH:  9    Dex:  9    Spells: 1/1 levels left

rFire    . . .     SeeInvis .   a - +0 war axe
rCold    . . .     Faith    .   c - +0 kite shield
rNeg     . . .     Spirit   .   b - +0 scale mail
rPois    .         Reflect  .   (helmet restricted)
rElec    .         Harm     .   (no cloak)
rCorr    .         Rampage  .   (no gloves)
Will     .....     NoTele   +   (no boots)
Stlth    ..........             (no amulet)
HPRegen  0.09/turn              (no ring)
MPRegen  0.07/turn              (no ring)

@: no status effects
A: horns 2, retaliatory headbutt
a: Renounce Religion


You were in the Dungeon.
You worshipped Okawaru.
Okawaru was noncommittal.
You visited 1 branch You collected 200 gold pieces.

Inventory:

Hand Weapons
 a - a +0 war axe (weapon)
Armour
 b - a +0 scale mail (worn)
 c - a +0 kite shield (worn)
Wands
 l - a wand of acid (5)
 m - a wand of iceblast (5)
Scrolls
 j - 4 scrolls of blinking
 n - 3 scrolls of fog
Potions
 d - a potion of might
 e - a potion of curing
 f - 4 potions of heal wounds
 g - 4 potions of haste
 h - 2 potions of magic
 i - a potion of berserk rage
 k - a potion of resistance


   Skills:
 + Level 4.6 Fighting
 + Level 2.9 Axes
 + Level 4.4 Armour
 + Level 4.3 Shields


You had one spell level left.
You didn't know any spells.
Your spell library was empty.

Dungeon Overview and Level Annotations

Branches:
Dungeon (1/1)

Altars:
Cheibriados
Dithmenos
Fedhas
Kikubaaqudgha
Makhleb
Okawaru
Qazlal
Ru
Sif Muna
Trog
Uskayaw
Vehumet
Wu Jian
Xom
Yredelemnul
Zin
Beogh
Jiyva
Lugonu

Shops:
D ?*?*:[((!!!!

Annotations:
D Terence


Innate Abilities, Weirdness & Mutations

You have a pair of horns on your head.
You reflexively headbutt those who attack you in melee.


Message History

The worm bites you.
You hit the worm.
The worm is moderately wounded.
The worm bites you.
You hit the worm but do no damage. You headbutt the worm.
The worm is heavily wounded.
The worm bites you.
You hit the worm. You headbutt the worm.
The worm is severely wounded.
You hit the worm.
The worm is almost dead.
The worm barely misses you.
You hit the worm but do no damage.
The worm is almost dead.
The worm bites you.
* * * LOW HITPOINT WARNING * * *
You slash the worm!
You kill the worm!
Okawaru accepts your kill.
You see here a worm corpse.
You start resting. 50...
A ball python comes into view.
Found a sacrificial altar of Ru.
The ball python hisses angrily.
You hear a shout!
Terence the Incautious comes into view.
He is wielding a +0 flail.
Found an ornate altar of the Wu Jian Council.
You slash the ball python!
You kill the ball python!
Okawaru accepts your kill.
Terence says, "Don't bother to defend, it's pointless."
You have reached level 2!
You closely miss Terence. Terence hits you with a +0 flail.
* * * LOW HITPOINT WARNING * * *
You hit Terence but do no damage. You headbutt Terence.
Terence is moderately wounded.
Terence hits you with a +0 flail.
* * * LOW HITPOINT WARNING * * *
Terence hits you with a +0 flail!
You die...

###.........###
#⌠...........⌠#
###.8.........8.######
__......###......___∩##
......8.# #.8........∩###
........###.............#
.....###...###..........⌠
..... #.<.# #..........⌠
.....###@..###..........⌠
.......@###.............#
......8.# #.8........∩###
__......###.......__∩##
###.8.........8.######
#⌠...........⌠#
###.........###
#_........# #_......._#


You could see Terence.

Vanquished Creatures
  An adder skeleton (D)
  A worm (D)
  A ball python (D)
3 creatures vanquished.

Notes
Turn   | Place    | Note
-------+----------+-------------------------------------------
     0 | D        | boopmooplesden the Minotaur Fighter began the quest for the
                  | Orb.
     0 | D        | Reached XP level 1. HP: 19/19 MP: 0/0
     3 | D        | Found a glowing silver altar of Zin.
     3 | D        | Found a corrupted altar of Lugonu.
     4 | D        | Found a radiant altar of Vehumet.
     4 | D        | Found a stormy altar of Qazlal.
     5 | D        | Found a blossoming altar of Fedhas.
     5 | D        | Found an ancient bone altar of Kikubaaqudgha.
     5 | D        | Round 1.
     6 | D        | Found Labeseha's Magic Scroll Shop.
     6 | D        | Found Juilaog's Staff Store.
     7 | D        | Found Rylufim's Magic Scroll Shop.
     7 | D        | Found Lajeohic's Must-Have Magic.
    10 | D        | Found a bloodstained altar of Trog.
    11 | D        | Found a basalt altar of Yredelemnul.
    12 | D        | Found an iron altar of Okawaru.
    13 | D        | Found Jefaupp's Distillery.
    13 | D        | Found a burning altar of Makhleb.
    13 | D        | Found a viscous altar of Jiyva.
    13 | D        | Found Ver Lirch's Do-It-Yourself Clinic.
    14 | D        | Found Ytith's Distillery.
    14 | D        | Found Kirhiop's Bottled Wisdom.
    23 | D        | Became a worshipper of Warmaster Okawaru
    29 | D        | Found a shadowy altar of Dithmenos.
    30 | D        | Found a snail-covered altar of Cheibriados.
    31 | D        | Found a shimmering altar of Xom.
    31 | D        | Found a shimmering blue altar of Sif Muna.
    31 | D        | Found a hide-covered altar of Uskayaw.
    31 | D        | Found Corch's Weapon Rack.
    31 | D        | Found Eblutuak's Premium Goods.
    32 | D        | Found Ganeosh's Basic Armour.
    32 | D        | Found Zikhleem's Miscellaneous Merchandise.
    69 | D        | Found a sacrificial altar of Ru.
    69 | D        | Noticed Terence
    70 | D        | Found an ornate altar of the Wu Jian Council.
    75 | D        | Reached XP level 2. HP: 9/28 MP: 1/1
    76 | D        | Mangled by Terence

Illustrated notes

Levels and vault maps discovered:
D:        arena_sprint

Skill      XL: |  1 |
---------------+----+-----
Fighting       | 4 |  4.6
Armour         | 4 |  4.4
Shields        | 4 |  4.3
Axes           | |  2.9

Action                   || total
-------------------------++-------
Melee: War axe           ||    12
       Headbutt          ||     4
Armor: Scale mail        ||     1
Dodge: Dodged            ||     2
Block: Kite shield       ||     1
